Map: Dusk Towers

Players

Beastyqt

  • Race: Terran Terran

Bails - Winner!

  • Race: Protoss Protoss
  • League: Grandmaster

VOD

Have the link to the VOD?

Description

Time

  • Played on: Dec. 14, 2015, 6:17 p.m.
  • Length: 12:34
Show
View Real Time Build Order
Export as new Build Order

Beastyqt Terran 

Build Orders: Liberator Opening, MMM Bio 

Get SALT Encoding   

  12  0:01  SCV  
  13  0:14  SCV  
  14  0:18  Supply Depot  
  14  0:26  SCV  
  15  0:40  SCV  
  16  0:44  Barracks  
  16  0:47  Refinery  
  16  0:52  SCV  
  17  1:04  SCV  
  18  1:16  SCV  
  19  1:31  Orbital Command  
  19  1:32  Barracks Reactor  
  19  1:42  Command Center  
  19  1:52  Supply Depot  
  19  1:58  SCV  
  20  2:08  Marine x2  
  20  2:10  SCV  
  20  2:14  Factory  
  23  2:22  SCV  
  24  2:26  Refinery, Marine  
  24  2:27  Marine  
  26  2:34  SCV  
  27  2:44  Marine  
  28  2:45  Marine  
  28  2:46  SCV  
  28  2:49  Bunker  
  30  2:53  Orbital Command  
  30  2:59  SCV  
  31  3:08  Starport  
  31  3:11  SCV  
  32  3:14  Marine x2  
  32  3:18  Widow Mine  
  36  3:22  SCV  
  36  3:24  SCV  
  36  3:26  Liberator  
  38  3:32  Marine x2  
  40  3:34  SCV  
  40  3:37  SCV  
  40  3:38  Supply Depot  
  41  3:46  SCV  
  45  3:51  SCV  
  45  3:52  Factory Tech Lab  
  46  3:59  Supply Depot  
  46  4:00  SCV, Marine x2  
  49  4:09  Liberator  
  49  4:11  SCV  
  49  4:12  Cyclone  
  49  4:14  SCV  
  54  4:19  Supply Depot  
  54  4:21  Marine x2  
  54  4:23  SCV  
  57  4:26  SCV  
  61  4:36  SCV  
  61  4:37  Supply Depot  
  62  4:41  SCV  
  63  4:50  SCV, Engineering Bay  
  64  4:52  Command Center  
  64  4:53  SCV  
  64  4:54  Factory Tech Lab  
  64  4:55  Marine  
  66  5:00  Marine  
  66  5:02  SCV  
  66  5:03  Supply Depot  
  66  5:06  SCV  
  69  5:10  Starport Reactor  
  69  5:17  Terran Infantry Weapons Level 1, Barracks  
  69  5:20  Barracks  
  69  5:21  SCV  
  69  5:24  SCV  
  69  5:27  Marine x2  
  73  5:29  Factory Reactor  
  73  5:33  SCV  
  73  5:34  Supply Depot, Refinery x2  
  74  5:37  SCV  
  75  5:47  SCV, Marine  
  75  5:48  Marine  
  78  5:52  Barracks, Medivac x2  
  78  5:55  Barracks  
  82  5:58  SCV  
  83  6:06  SCV  
  83  6:07  Orbital Command  
  84  6:12  SCV  
  84  6:15  Combat Shields, Marauder x2  
  84  6:16  Stimpack  
  84  6:18  SCV, Marine x2  
  92  6:24  Missile Turret  
  92  6:26  Missile Turret  
  92  6:27  Orbital Command  
  92  6:28  SCV  
  92  6:29  Supply Depot  
  92  6:30  SCV  
  94  6:40  SCV, Supply Depot  
  94  6:41  Barracks Reactor, Barracks Tech Lab, Marauder  
  94  6:42  SCV  
  94  6:45  Marauder  
  100  6:52  SCV  
  100  6:53  SCV  
  102  6:54  SCV, Missile Turret  
  102  6:55  Missile Turret  
  102  7:01  Concussive Shells, Marauder  
  105  7:04  SCV  
  106  7:08  Supply Depot  
  106  7:12  Terran Infantry Armor Level 1  
  106  7:14  Supply Depot  
  106  7:15  Marauder, Marine  
  108  7:16  SCV x2, Marauder  
  108  7:17  Supply Depot  
  108  7:21  Medivac  
  108  7:22  Supply Depot, Medivac  
  117  7:24  Widow Mine x2  
  121  7:31  SCV x2, Refinery  
  121  7:32  SCV, Refinery  
  124  7:39  Supply Depot  
  124  7:43  Supply Depot, Marine  
  124  7:44  Marauder x2, Marine  
  130  7:45  SCV  
  128  7:52  SCV  
  128  7:56  Armory, Medivac x2  
  128  7:57  Engineering Bay  
  128  7:58  Marauder  
  132  7:59  Marine  
  132  8:00  Marine  
  132  8:05  Marauder  
  136  8:10  SCV  
  137  8:13  Command Center  
  137  8:16  Widow Mine x2  
  137  8:17  Marauder  
  137  8:18  Marine  
  137  8:19  Marauder  
  145  8:21  Marine  
  145  8:22  Marine  
  145  8:26  Marauder  
  149  8:27  Medivac x2  
  153  8:38  Barracks  
  153  8:39  Starport  
  153  8:40  Barracks  
  153  8:44  Barracks  
  153  8:49  Marine  
  153  8:50  Marauder x2  
  153  8:52  Terran Infantry Weapons Level 2  
  153  8:53  Liberator, Terran Ship Weapons Level 1  
  153  8:55  SCV x2  
  160  9:02  Liberator  
  157  9:07  Missile Turret  
  147  9:10  Marauder  
  147  9:11  Marauder  
  147  9:12  Marine x2  
  147  9:15  Marine x2  
  147  9:16  Marauder  
  156  9:19  Starport Tech Lab  
  154  9:29  Marine x2  
  154  9:30  Marine  
  154  9:31  Terran Infantry Armor Level 2, Marauder  
  154  9:33  Marauder  
  154  9:34  Marine x3  
  154  9:37  Marauder  
  154  9:38  Marine  
  145  9:47  Marine x2  
  145  9:48  Marine, Liberator  
  145  9:51  Marine  
  148  9:59  Marine  
  150  10:00  Marauder  
  153  10:08  Marine x2  
  153  10:12  Fusion Core, Marine x2  
  153  10:18  Liberator  
  152  10:33  Liberator x2  
  150  10:37  Command Center  
  150  10:39  Orbital Command  
  157  11:06  Advanced Ballistics  
  157  11:07  Liberator  
  157  11:10  Barracks Tech Lab, Marauder x3, Marine  
  157  11:11  Barracks Tech Lab  
  139  11:21  Liberator  
  139  11:22  Marine, Liberator  
  139  11:23  Barracks Tech Lab, Marine  
  139  11:31  Marauder  
  139  11:32  Marauder x2  
  144  11:49  Marauder, Marine x2  
  144  11:50  Marauder, Marine x2  
  144  11:51  Marauder  
  144  11:52  Marine  
  144  11:53  Marauder  
  120  12:01  Marauder  
  116  12:07  Marine x2  
  116  12:11  Marauder  
Show
View Real Time Build Order
Export as new Build Order

Bails Protoss - Winner!

Build Orders: 1 Gate Expand 

Get SALT Encoding   

  12  0:00  Probe (Chrono Boost)  
  13  0:11  Probe (Chrono Boost)  
  14  0:17  Pylon  
  14  0:22  Probe (Chrono Boost)  
  15  0:35  Probe (Chrono Boost), Gateway  
  16  0:46  Probe (Chrono Boost)  
  16  0:47  Assimilator  
  17  0:56  Probe (Chrono Boost)  
  18  1:07  Probe (Chrono Boost)  
  19  1:19  Nexus  
  19  1:28  Cybernetics Core  
  19  1:31  Probe (Chrono Boost)  
  20  1:38  Pylon  
  20  1:42  Probe (Chrono Boost)  
  20  1:46  Assimilator  
  21  1:52  Probe (Chrono Boost)  
  22  2:05  Mothership Core (Chrono Boost)  
  24  2:09  Adept (Chrono Boost)  
  26  2:19  Warp Gate  
  26  2:23  Probe (Chrono Boost)  
  27  2:30  Probe (Chrono Boost)  
  27  2:34  Probe (Chrono Boost)  
  29  2:38  Robotics Facility  
  29  2:42  Probe (Chrono Boost)  
  30  2:46  Probe (Chrono Boost)  
  30  2:47  Stalker  
  33  2:52  Probe (Chrono Boost)  
  33  2:57  Probe (Chrono Boost)  
  35  2:59  Pylon  
  35  3:03  Probe (Chrono Boost)  
  36  3:07  Probe (Chrono Boost)  
  37  3:14  Probe (Chrono Boost)  
  37  3:18  Probe (Chrono Boost)  
  39  3:23  Probe (Chrono Boost)  
  39  3:26  Robotics Bay  
  40  3:28  Probe (Chrono Boost), Warp Prism (Chrono Boost)  
  40  3:33  Probe  
  43  3:39  Stalker  
  43  3:40  Probe  
  47  3:43  Probe  
  47  3:45  Pylon  
  48  3:48  Assimilator  
  48  3:52  Probe  
  48  3:53  Assimilator  
  48  3:54  Probe  
  49  3:59  Pylon  
  49  4:00  Observer (Chrono Boost)  
  51  4:04  Probe x2  
  53  4:10  Gateway  
  53  4:13  Gateway  
  53  4:15  Probe  
  53  4:16  Probe  
  55  4:20  Disruptor (Chrono Boost)  
  58  4:25  Probe  
  58  4:28  Pylon, Gravitic Drive  
  59  4:33  Stalker  
  59  4:37  Pylon  
  61  4:42  Pylon  
  61  4:48  Twilight Council  
  61  4:56  Disruptor (Chrono Boost)  
  64  5:06  Pylon x2  
  64  5:09  Nexus  
  64  5:15  Pylon  
  64  5:18  Probe, Pylon  
  64  5:19  Probe  
  66  5:26  Disruptor (Chrono Boost)  
  64  5:30  Probe  
  64  5:31  Probe  
  69  5:38  Blink (Chrono Boost)  
  69  5:43  Probe  
  69  5:44  Probe  
  71  5:55  Probe  
  71  5:56  Probe, Disruptor  
  73  5:58  Forge  
  73  6:00  Forge  
  76  6:07  Probe  
  76  6:08  Probe  
  78  6:11  Gateway  
  78  6:12  Gateway  
  78  6:13  Gateway  
  78  6:14  Sentry  
  78  6:15  Sentry  
  82  6:19  Probe  
  82  6:20  Probe x2  
  82  6:21  Pylon  
  82  6:22  Protoss Ground Armor Level 1 (Chrono Boost)  
  85  6:31  Probe  
  87  6:32  Probe  
  87  6:34  Protoss Ground Weapons Level 1 (Chrono Boost), Pylon  
  87  6:37  Probe  
  88  6:43  Probe  
  88  6:46  Adept  
  91  6:48  Photon Cannon  
  91  6:49  Probe  
  91  6:52  Pylon  
  92  6:57  Probe  
  92  6:58  Stalker x2  
  92  7:00  Probe  
  98  7:03  Probe  
  98  7:06  Assimilator  
  99  7:10  Stalker  
  99  7:11  Pylon  
  99  7:12  Probe  
  102  7:16  Probe  
  102  7:18  Pylon  
  102  7:19  Observer  
  102  7:21  Stalker  
  106  7:25  Probe  
  106  7:26  Probe  
  107  7:35  Stalker x2, Assimilator  
  107  7:36  Probe  
  112  7:40  Probe  
  109  7:46  Probe  
  109  7:49  Probe  
  111  7:52  Probe  
  111  7:56  Protoss Ground Armor Level 2  
  112  7:58  Disruptor  
  112  8:00  Pylon  
  112  8:02  Pylon  
  112  8:03  Charge (Chrono Boost)  
  112  8:05  Adept x4  
  123  8:25  Protoss Ground Weapons Level 2, Photon Cannon  
  123  8:31  Disruptor  
  123  8:35  Gateway  
  123  8:36  Gateway  
  123  8:39  Stalker x3  
  123  8:40  Pylon  
  132  8:44  Pylon  
  132  8:53  Nexus  
  132  9:04  Probe  
  135  9:10  Stalker  
  135  9:11  Stalker x4  
  135  9:15  Probe  
  146  9:21  Stalker  
  148  9:24  Probe  
  148  9:28  Mothership Core  
  148  9:31  Probe  
  142  9:36  Adept x2  
  142  9:37  Adept x3  
  146  9:38  Disruptor  
  146  9:41  Probe  
  146  9:45  Pylon  
  144  9:48  Pylon  
  144  9:51  Photon Cannon  
  144  9:52  Pylon  
  144  9:59  Photon Cannon  
  142  10:04  Adept x3  
  142  10:05  Stalker x3  
  150  10:07  Probe  
  150  10:10  Probe  
  150  10:11  Disruptor  
  152  10:17  Photon Cannon  
  155  10:23  Pylon  
  153  10:31  Dark Shrine  
  153  10:32  Adept x2  
  157  10:44  Disruptor  
  157  10:46  Resonating Glaives (Chrono Boost)  
  160  10:58  Adept x3, Pylon  
  160  10:59  Adept x2, Pylon  
  170  11:17  Adept  
  170  11:18  Adept x2  
  176  11:23  Adept x5  
  176  11:31  Probe  
  160  11:41  Mothership Core  
  160  11:42  Pylon  
  160  11:44  Dark Templar x2  
  160  11:45  Adept x5, Pylon  
  142  12:06  Adept x3  
Tags
 
Add a new tag
Caveats
  • Supply blocks, unpowered buildings, or Contaminate may cause inaccurate times.
  • Supply counts are checked every 10 seconds.